 Dungeon Crawl Stone Soup version 0.30-a0-702-gdf48620a09 (webtiles) character file.

Game seed: 13642903833081943803

11482 acebull12 the Unseen (level 11, -9/52 HPs)
             Began as a Spriggan Brigand on Jan 21, 2023.
             Was a Follower of Uskayaw.
             Killed from afar by a gargoyle (21 damage)
             ... with a stone arrow
             ... on level 11 of the Dungeon.
             The game lasted 00:27:25 (10664 turns).

acebull12 the Unseen (Spriggan Brigand)            Turns: 10664, Time: 00:27:26

Health: -9/52      AC:  6    Str:  9    XL:     11   Next: 49%
Magic:  14/14      EV: 30    Int: 14    God:    Uskayaw [*.....]
Gold:   645        SH:  0    Dex: 18    Spells: 10/10 levels left

rFire   + . .      SeeInvis +    a - +2 dagger (spect)
rCold   + . .      Faith    .    (no shield)
rNeg    . . .      Spirit   .    b - +0 robe
rPois   .          Reflect  .    (helmet restricted)
rElec   .          Harm     .    B - scarf {rC+ rF+}
rCorr   .          Rampage  .    (gloves unavailable)
Will    +....                    (boots unavailable)
Stlth   +++++++                  K - amulet of regeneration
HPRegen 1.08/turn                u - +5 ring of evasion
MPRegen 0.14/turn                v - +4 ring of protection

@: very quick
A: very small, no large weapons, unfitting armour, see invisible, speed 3
a: Renounce Religion, Stomp


You were on level 11 of the Dungeon.
You worshipped Uskayaw.
Uskayaw was noncommittal.
You visited 2 branches of the dungeon, and saw 12 of its levels.

You collected 645 gold pieces.

Inventory:

Hand Weapons
 a - a +2 spectral dagger (weapon)
 E - a +5 short sword
Missiles
 d - 14 poisoned darts (quivered)
 e - 3 curare-tipped darts
 i - 87 stones
 D - an atropa-tipped dart
Armour
 b - a +0 robe (worn)
 c - a +0 cloak
 B - a scarf of resistance (worn)
Jewellery
 r - a ring of ice
 u - a +5 ring of evasion (left hand)
 v - a +4 ring of protection (right hand)
 K - an amulet of regeneration (around neck)
 S - a +6 ring of dexterity
Wands
 q - a wand of digging (1)
 G - a wand of light (4)
 I - a wand of roots (18)
 N - a wand of polymorph (3)
 P - a wand of flame (7)
Scrolls
 g - a scroll of poison
 k - a scroll of brand weapon
 l - 2 scrolls of magic mapping
 m - 6 scrolls of fog
 p - a scroll of immolation {unknown}
 y - a scroll of silence {unknown}
 C - 2 scrolls of teleportation {unknown}
 J - a scroll of enchant armour {unknown}
 O - a scroll of noise {unknown}
 Q - 2 scrolls of enchant weapon
 R - a scroll of fear {unknown}
 T - 3 scrolls of identify
 U - a scroll of amnesia {unknown}
Potions
 f - 2 potions of flight
 h - 2 potions of cancellation {unknown}
 j - 2 potions of lignification
 n - 2 potions of brilliance
 o - 3 potions of might
 s - 7 potions of haste
 t - a potion of resistance {unknown}
 w - a potion of berserk rage {unknown}
 x - 4 potions of heal wounds
 z - 2 potions of attraction {unknown}
 A - a potion of mutation {unknown}
 F - a potion of ambrosia {unknown}
 H - a potion of degeneration {unknown}
 M - 4 potions of invisibility


   Skills:
 + Level 3.4 Fighting
 + Level 7.3 Short Blades
 * Level 7.4 Throwing
 * Level 11.4 Dodging
 * Level 18.9 Stealth
 * Level 3.3 Invocations


You had 10 spell levels left.
You didn't know any spells.
Your spell library contained the following spells:

 Spells                   Type           Power      Damage    Failure   Level
 Beastly Appendage        Tmut           0%         N/A       28%         1
 Kiss of Death            Conj/Necr      0%         2d5       28%         1
 Sting                    Tmut/Pois      0%         1d3       28%         1
 Blink                    Tloc           0%         N/A       41%         2
 Lesser Beckoning         Tloc           0%         N/A       41%         2
 Momentum Strike          Conj/Tloc      0%         3d8       41%         2
 Poisonous Vapours        Pois/Air       0%         N/A       41%         2
 Sublimation of Blood     Necr           0%         N/A       41%         2
 Wereblood                Tmut           0%         N/A       41%         2
 Confusing Touch          Hex            0%         N/A       65%         3
 Spider Form              Tmut/Pois      0%         N/A       65%         3
 Dispel Undead            Necr           0%         3d6       96%         4
 Olgreb's Toxic Radiance  Pois           0%         N/A       96%         4
 Summon Hydra             Summ           0%         N/A       100%        7


Dungeon Overview and Level Annotations

Branches:
Dungeon (11/15)            Temple (1/1) D:4
   Lair: D:8-11         Orc: D:9-12

Altars:
Ashenzari
Cheibriados
Dithmenos
Elyvilon
Fedhas
Kikubaaqudgha
Makhleb
Nemelex Xobeh
Okawaru
Sif Muna
Trog
Uskayaw
Vehumet
Xom
Yredelemnul

Shops:
D:1 *   D:2 [   D:5 :

Annotations:
D:7 1 runed translucent door, Caestello's ghost, novice KoEE
D:9 3 runed translucent doors, 4 transporters, sirJeffrey23's ghost, journeyman HOFi


Innate Abilities, Weirdness & Mutations

You are very small and have problems with some larger weapons.
You are too small for most types of armour.
You have supernaturally acute eyesight. (SInv)
You cover ground extremely quickly. (Speed+++)


Message History

You hit the gargoyle but do no damage.
The gargoyle is moderately damaged.
Your +2 spectral dagger hits the gargoyle.
You hit the gargoyle but do no damage.
The gargoyle is moderately damaged.
Your +2 spectral dagger hits the gargoyle.
The gargoyle hurls a stone arrow at you.
The stone arrow misses you.
You hit the gargoyle.
The gargoyle is heavily damaged.
Your +2 spectral dagger hits the gargoyle but does no damage.
The gargoyle hurls a stone arrow at you.
The stone arrow misses you.
You barely miss the gargoyle.
The gargoyle is heavily damaged.
Your +2 spectral dagger hits the gargoyle but does no damage.
You hit the gargoyle but do no damage.
The gargoyle is heavily damaged.
Your +2 spectral dagger hits the gargoyle but does no damage.
The gargoyle completely misses you.
You completely miss the gargoyle.
The gargoyle is heavily damaged.
Your +2 spectral dagger hits the gargoyle but does no damage.
Your +2 spectral dagger fades away.
The gargoyle hits you with a +0 flail! The gnoll misses you.
You hit the gargoyle.
The gargoyle is heavily damaged.
Your +2 spectral dagger hits the gargoyle.
You hit the gargoyle but do no damage.
The gargoyle is severely damaged.
Your +2 spectral dagger hits the gargoyle but does no damage.
The gargoyle hits you with a +0 flail!
* * * LOW HITPOINT WARNING * * *
The gnoll closely misses you. The gnoll misses you.
The gnoll sergeant barely misses you.
The gargoyle hurls a stone arrow at you.
The stone arrow misses you.
The gargoyle hurls a stone arrow at you.
The stone arrow hits you!!
You die...

..................
............>....
##.............. #..>...........
#.............. #..[...........
#############..............
.).........$...............
................@....############
..!........ggg$......#
............g........#
............9........#
..(..................#
.....................#
.....................#
.......<.............#
.....................#


You could see a gargoyle, a gnoll sergeant and 3 gnolls.

Vanquished Creatures
  An ogre mage (D:10)
  2 two-headed ogres
  Pikel (D:5)
  A necromancer (D:10)
  Maurice (D:9)
  Joseph (D:7)
  2 kobold demonologists
  3 hornets
  2 trolls
  Grinder (D:5)
  A shadow (D:10)
  3 wyverns
  2 wraiths (D:10)
  Eustachio (D:5)
  7 yaks
  3 steam dragons
  Menkaure (D:7)
  2 water moccasins
  A black bear (D:6)
  2 orc warriors
  3 ogres (D:5)
  9 centaurs
  A phantom (D:5)
  3 lemures (D:5)
  A kobold brigand (D:8)
  A gnoll sergeant (D:10)
  A necrophage (D:6)
  2 bullfrogs
  2 scorpions
  15 wights
  5 killer bees
  2 howler monkeys
  2 electric eels (D:6)
  A jelly (D:8)
  2 orc priests
  2 hounds
  A gnoll bouda (D:7)
  Ijyb (D:5)
  3 iguanas
  8 orc wizards
  17 gnolls
  9 adders
  A shadow imp (D:3)
  4 white imps
  2 ufetubi (D:5)
  2 worms (D:2)
  5 dart slugs
  24 orcs
  8 ball pythons
  3 bats
  4 endoplasms
  2 giant cockroaches
  7 goblins
  6 hobgoblins
  4 jackals (D:1)
  5 quokkas
  3 frilled lizards
  12 kobolds
  3 rats
224 creatures vanquished.

Vanquished Creatures (others)
  5 demonic plants (D:3)
  5 fungi (D:3)
  3 plants (D:3)
13 creatures vanquished.

Grand Total: 237 creatures vanquished

Notes
Turn   | Place    | Note
-------+----------+-------------------------------------------
     0 | D:1      | acebull12 the Spriggan Brigand began the quest for the Orb.
     0 | D:1      | Reached XP level 1. HP: 10/10 MP: 2/2
    33 | D:1      | Reached skill level 6 in Stealth
   120 | D:1      | Reached XP level 2. HP: 15/15 MP: 3/3
   328 | D:1      | Found Tink's General Store.
   415 | D:1      | Reached XP level 3. HP: 10/18 MP: 4/4
   607 | D:1      | Reached skill level 7 in Stealth
  1128 | D:2      | Reached XP level 4. HP: 23/23 MP: 5/5
  1362 | D:2      | Found Cawn's Armour Boutique.
  2006 | D:3      | Reached skill level 8 in Stealth
  2123 | D:3      | Reached XP level 5. HP: 26/26 MP: 6/6
  2675 | D:3      | Found a faded altar of an unknown god.
  3202 | D:4      | Reached XP level 6. HP: 30/30 MP: 7/7
  3278 | D:4      | Reached skill level 9 in Stealth
  3515 | D:4      | Found a staircase to the Ecumenical Temple.
  3526 | Temple   | Entered the Ecumenical Temple
  3549 | Temple   | Became a worshipper of Uskayaw the Reveller
  3777 | D:5      | Entered Level 5 of the Dungeon
  4031 | D:5      | Reached * piety under Uskayaw
  4091 | D:5      | Reached skill level 10 in Stealth
  4091 | D:5      | Reached XP level 7. HP: 35/35 MP: 8/8
  4112 | D:5      | Noticed Eustachio
  4116 | D:5      | Found an iron altar of Okawaru.
  4120 | D:5      | Killed Eustachio
  4120 | D:5      | Reached ** piety under Uskayaw
  4359 | D:5      | Reached skill level 11 in Stealth
  4734 | D:5      | Noticed Pikel
  4772 | D:5      | Reached XP level 8. HP: 26/39 MP: 9/9
  4812 | D:5      | Reached skill level 5 in Dodging
  4812 | D:5      | Reached skill level 12 in Stealth
  4836 | D:5      | Killed Pikel
  4922 | D:5      | Noticed Grinder
  4939 | D:5      | Killed Grinder
  4940 | D:5      | Reached skill level 5 in Short Blades
  4959 | D:5      | Noticed Ijyb
  4972 | D:5      | Killed Ijyb
  4973 | D:5      | Reached skill level 5 in Throwing
  5098 | D:5      | Reached skill level 13 in Stealth
  5157 | D:5      | Found Elorphea's Vocational Training.
  5178 | D:5      | Reached XP level 9. HP: 43/43 MP: 10/10
  5626 | D:6      | Reached *** piety under Uskayaw
  5640 | D:6      | Found a burning altar of Makhleb.
  6138 | D:6      | Reached skill level 14 in Stealth
  6190 | D:6      | Found a sparkling altar of Nemelex Xobeh.
  6190 | D:6      | Found a shadowy altar of Dithmenos.
  6190 | D:6      | Found a snail-covered altar of Cheibriados.
  6516 | D:7      | Found a runed translucent door.
  6536 | D:7      | Noticed Caestello's ghost (novice KoEE)
  6609 | D:7      | Identified the +2 scale mail of the Twenty Hosts {rElec}
  6629 | D:7      | Noticed Joseph
  6725 | D:7      | Noticed Menkaure
  6771 | D:7      | Reached **** piety under Uskayaw
  6774 | D:7      | Reached skill level 15 in Stealth
  6861 | D:7      | Killed Joseph
  6862 | D:7      | Reached XP level 10. HP: 18/48 MP: 11/11
  6980 | D:7      | Killed Menkaure
  7704 | D:8      | Reached skill level 10 in Dodging
  7704 | D:8      | Reached skill level 1 in Invocations
  7720 | D:8      | Reached ***** piety under Uskayaw
  7746 | D:8      | Found a white marble altar of Elyvilon.
  7779 | D:8      | Reached skill level 16 in Stealth
  8175 | D:8      | Paralysed by a hornet for 1 turns
  8643 | D:9      | Noticed sirJeffrey23's ghost (journeyman HOFi)
  8654 | D:9      | Noticed a two-headed ogre
  8655 | D:9      | Identified the +8 spear "Ybbaph" {flame, Dex+5 Stlth-}
  8666 | D:9      | Killed a two-headed ogre
  8735 | D:9      | Found a runed translucent gate.
  8736 | D:9      | Found a runed translucent gate.
  8737 | D:9      | Found a runed translucent gate.
  8752 | D:9      | Reached skill level 17 in Stealth
  8779 | D:9      | Found a blossoming altar of Fedhas.
  8809 | D:9      | Found a transporter.
  8811 | D:9      | Found a transporter.
  8832 | D:9      | Found a transporter.
  8890 | D:9      | Noticed Maurice
  8897 | D:9      | Killed Maurice
  8938 | D:9      | Reached XP level 11. HP: 22/52 MP: 13/13
  9145 | D:9      | Found a transporter.
  9458 | D:10     | Entered Level 10 of the Dungeon
  9621 | D:10     | Noticed a two-headed ogre
  9652 | D:10     | Killed a two-headed ogre
  9653 | D:10     | Reached skill level 18 in Stealth
  9894 | D:10     | Noticed a soul eater
  9972 | D:10     | Noticed a soul eater
 10282 | D:10     | Noticed an ogre mage
 10286 | D:10     | Killed an ogre mage
 10303 | D:10     | Noticed a necromancer
 10307 | D:10     | Killed a necromancer
 10664 | D:11     | Killed from afar by a gargoyle

Illustrated notes

Levels and vault maps discovered:
D:1:      lightli_arrival_maybe_door_vault, layout_loops_corners, serial_shops,
          shop
D:2:      layout_rooms, serial_shops,
          nicolae_shop_temple_entry_statues_fountains
D:3:      layout_basic, shapermc_ecumenical_altar_gd, minmay_crystal_room,
          minivault_19, minmay_puff
D:4:      layout_cave_pools, temple_green
D:5:      layout_layer_cave, okawaru_ov_weapons_minmay, nicolae_shop_vocational,
          uniq_ijyb, uniq_grinder, uniq_pikel, uniq_eustachio
D:6:      layout_cave_pools, mainiacjoe_overflow_tiny_flanked,
          gammafunk_temple_overflow_claw, kennysheep_cross_room,
          nrook_mini_backslash, kennysheep_generic_room_8
D:7:      layout_rooms, ebering_ghost_reflecting_pool, uniq_joseph,
          uniq_menkaure
D:8:      layout_basic, marbit_many_paths, hex_tiny
D:9:      layout_loops_ring, overflow_temple_1_default, gammafunk_ghost_icy,
          grunt_ministairs_2, nicolae_transporter_circle, uniq_maurice
D:10:     layout_roguey, minmay_misc_feat_rows, st_stairs_4,
          minmay_stone_trees_small, minmay_misc_feat_tiny, minmay_three_doors
D:11:     layout_small_grid, david_lair_shrubbed, special_room
          [special_room_orc], due_unseen_surprise
Temple:   nicolae_temple_bog_church

Skill      XL: |  1  2  3  4  5  6  7  8  9 10 11 |
---------------+----------------------------------+-----
Stealth        | 6 7 8 10 11 13 15 17 18 | 18.9
Dodging        | 2 3 4 7 9 10 11 | 11.4
Short Blades   | 3 4 5 6 7 |  7.3
Fighting       | 2 3 |  3.4
Throwing       | 3 4 5 6 7 |  7.4
Invocations    | 2 3 |  3.3

Action                   |  1- 3 |  4- 6 |  7- 9 | 10-12 || total
-------------------------+-------+-------+-------+-------++-------
Melee: Dagger            |   118 |   177 |   291 |   354 ||   940
       Punch             |     2 |     2 |     2 |     9 ||    15
Throw: Dart              |       |    11 |    14 |     5 ||    30
       Stone             |       |       |    20 |     1 ||    21
  Use: Potion            |     1 |       |       |     1 ||     2
       Scroll            |       |     5 |     3 |     6 ||    14
 Stab: Sleeping          |    11 |    23 |    13 |    25 ||    72
       Distracted        |       |     1 |     1 |     9 ||    11
       Paralysed         |       |       |     2 |     3 ||     5
       Invisible         |       |       |       |     3 ||     3
Armor: Robe              |    27 |     6 |    19 |    17 ||    69
Dodge: Dodged            |   106 |    91 |   253 |   288 ||   738

Table legend: (Time is in decaauts)
 A = Elapsed time spent in this place.
 B = Non-inter-level travel time spent in this place.
 C = Inter-level travel time spent in this place.
 D = Time resting spent in this place.
 E = Time spent auto-exploring this place.
 F = Levels seen in this place.
 G = Mean time per level.
                   A        B        C        D        E       F      G
               +--------+--------+--------+--------+--------+-----+--------+
         Total |   7105 |   6443 |    662 |    446 |   3946 |  12 |  592.1 |
       Dungeon |   7082 |   6420 |    662 |    446 |   3942 |  11 |  643.8 |
        Temple |     23 |     23 |      0 |      0 |      4 |   1 |   23.0 |
               +--------+--------+--------+--------+--------+-----+--------+

Top non-repeatable levels by time:
     D:5: 1101 daAuts
     D:3: 911 daAuts
     D:8: 766 daAuts
     D:6: 740 daAuts
     D:1: 721 daAuts
    D:10: 642 daAuts
     D:9: 618 daAuts
     D:4: 588 daAuts
     D:7: 488 daAuts
     D:2: 451 daAuts
    D:11: 50 daAuts
  Temple: 23 daAuts
